Map: Heavy Artillery LE

Players

Massa

  • Race: Terran Terran
  • League: Platinum
  • Spawn Location: 7:00

qqq

  • Race: Zerg Zerg
  • League: Platinum
  • Spawn Location: 7:00

Tudar - Winner!

  • Race: Protoss Protoss
  • League: Diamond
  • Spawn Location: 3:00

ClaTTer - Winner!

  • Race: Zerg Zerg
  • League: Diamond
  • Spawn Location: 1:00

VOD

Have the link to the VOD?

Description

Time

  • Played on: Jan. 25, 2021, 1:12 p.m.
  • Length: 13:40
Show
View Real Time Build Order
Export as new Build Order

Massa Terran 

Build Orders:  

Get SALT Encoding   

  12  0:00  SCV  
  13  0:12  SCV  
  14  0:24  SCV  
  14  0:26  Supply Depot  
  15  0:48  SCV  
  16  0:53  Barracks  
  16  0:57  Refinery  
  16  1:02  SCV  
  17  1:14  SCV, Barracks  
  18  1:26  SCV  
  19  1:38  SCV  
  20  1:46  Barracks Tech Lab  
  20  1:50  Orbital Command  
  20  2:01  Barracks Tech Lab  
  20  2:05  Marauder  
  22  2:11  Concussive Shells  
  22  2:16  Supply Depot  
  22  2:17  Supply Depot  
  22  2:18  Supply Depot  
  22  2:19  SCV  
  23  2:37  Marauder  
  23  2:42  Marauder  
  27  2:59  Marauder  
  27  3:08  Marauder  
  29  3:20  Marauder  
  29  3:26  Supply Depot  
  31  3:28  SCV, Command Center  
  31  3:29  Refinery  
  31  3:30  Marauder  
  34  3:42  Marauder  
  36  3:50  Marine  
  31  4:19  Marauder x2  
  31  4:36  SCV  
  30  4:41  Marauder x2  
  30  4:44  Factory  
  34  4:48  SCV  
  35  4:56  Command Center  
  35  5:00  SCV  
  35  5:02  Marauder x2  
  37  5:23  Marauder  
  37  5:27  Marauder  
  29  5:45  Marauder  
  29  5:46  Orbital Command  
  29  5:47  SCV  
  29  5:49  Marauder  
  34  5:55  Barracks  
  34  5:56  Barracks  
  34  5:57  Factory Tech Lab, Barracks  
  34  6:00  SCV  
  29  6:12  SCV  
  28  6:22  Siege Tank  
  31  6:33  Barracks  
  31  6:36  SCV x3  
  34  6:44  Marine x3  
  37  6:48  SCV x2  
  39  6:54  Bunker  
  39  6:55  Supply Depot  
  39  6:57  Bunker  
  39  6:58  Siege Tank  
  42  7:02  Marine  
  43  7:11  Orbital Command  
  43  7:14  Marine x2  
  45  7:19  Marine  
  45  7:20  SCV x2  
  48  7:27  Engineering Bay  
  48  7:29  Refinery  
  48  7:30  Refinery  
  48  7:31  Marine  
  48  7:32  SCV x2  
  48  7:34  Siege Tank  
  48  7:35  Starport  
  54  7:37  Barracks Tech Lab  
  54  7:38  Barracks Reactor  
  54  7:39  Marine  
  55  7:44  SCV  
  55  7:49  Marine  
  55  7:51  SCV x2  
  59  7:56  Refinery  
  59  7:57  SCV, Marine  
  61  8:03  SCV x2  
  63  8:07  Marine  
  63  8:09  SCV  
  63  8:11  Supply Depot  
  65  8:13  Cyclone, Marine, Supply Depot  
  65  8:14  Marine x2  
  65  8:15  SCV x2, Marine  
  65  8:19  Stimpack  
  74  8:21  SCV  
  74  8:22  Starport Reactor  
  74  8:25  Marine  
  76  8:29  Starport  
  76  8:31  Marine x2  
  78  8:35  Barracks Reactor  
  78  8:36  Marine  
  79  8:43  Marine  
  80  8:49  Marine x2  
  80  8:51  Siege Tank  
  80  8:54  Marine  
  86  9:00  Marine  
  87  9:04  Medivac x2  
  87  9:07  Marine x2  
  93  9:11  Marine  
  93  9:12  SCV  
  93  9:13  Marine  
  93  9:15  Marine  
  97  9:18  Marine  
  97  9:23  Siege Tank  
  101  9:24  Missile Turret  
  101  9:25  Marauder, Marine  
  101  9:28  Missile Turret  
  101  9:29  Marine  
  101  9:31  Marine  
  105  9:32  Missile Turret  
  105  9:33  Marine  
  105  9:34  Viking  
  105  9:35  Missile Turret  
  109  9:39  Supply Depot  
  109  9:43  Supply Depot x2  
  109  10:01  Marauder, Marine x2, Viking  
  109  10:04  Medivac  
  109  10:06  Combat Shield  
  118  10:09  Barracks Tech Lab  
  118  10:10  Starport Reactor  
  117  10:18  Armory  
  117  10:31  Medivac  
  110  11:05  Medivac x4  
  118  11:17  Ghost Academy  
  118  11:28  Terran Vehicle Weapons Level 1  
  118  11:29  Fusion Core  
  118  11:34  Liberator  
  118  11:35  Liberator, Viking x2  
  118  11:37  Engineering Bay  
  118  11:39  Marine  
  131  11:40  Marauder x2  
  133  11:49  Enhanced Shockwaves  
  133  11:52  Supply Depot x2  
  133  11:53  Supply Depot  
  133  11:57  Refinery  
  133  11:59  Command Center  
  133  12:00  Factory  
  133  12:13  Marine x4, Ghost  
  133  12:14  Marauder, Siege Tank  
  144  12:16  Supply Depot  
  144  12:17  Supply Depot x2  
  105  12:31  Marine  
  105  12:35  Marauder  
  80  12:46  Siege Tank  
  80  12:49  Marauder, Marine  
  77  12:57  Marauder  
  77  13:04  Medivac  
  77  13:05  Viking x2, Medivac  
  76  13:07  Marine x4  
  76  13:09  Factory Tech Lab  
  76  13:10  Marauder  
  76  13:18  Marauder  
Show
View Real Time Build Order
Export as new Build Order

qqq Zerg 

Build Orders: Pool First, Lurkers 

Get SALT Encoding   

  12  0:06  Drone  
  13  0:22  Spawning Pool  
  13  0:27  Drone  
  13  0:35  Overlord  
  13  0:39  Extractor  
  12  0:44  Drone  
  12  0:48  Drone  
  14  0:53  Drone  
  15  1:05  Drone  
  16  1:15  Zergling x2  
  16  1:16  Queen  
  19  1:22  Zergling x2  
  20  1:33  Overlord  
  20  1:43  Zergling x2  
  21  2:01  Hatchery  
  20  2:09  Metabolic Boost  
  20  2:12  Zergling x2  
  21  2:17  Zergling x2  
  21  2:21  Zergling x2  
  23  2:26  Zergling x2  
  23  2:37  Zergling x6  
  24  2:56  Zergling x4  
  25  3:08  Zergling x4  
  25  3:09  Zergling x2, Overlord  
  28  3:18  Drone  
  29  3:20  Queen  
  29  3:26  Zergling x2  
  32  3:34  Zergling x4  
  32  3:37  Zergling x2  
  32  3:40  Drone  
  36  3:49  Baneling Nest  
  35  4:08  Zergling x6  
  35  4:09  Zergling x4  
  30  4:22  Drone  
  28  4:27  Zergling x6  
  28  4:28  Drone  
  32  4:32  Drone  
  33  4:40  Baneling x5  
  33  4:44  Drone  
  34  4:51  Drone  
  35  4:54  Zergling x2  
  36  5:00  Baneling x2  
  31  5:29  Zergling x12  
  31  5:32  Drone x2, Zergling x4  
  31  5:33  Drone  
  35  5:39  Zergling x2  
  35  5:42  Lair  
  36  5:46  Zergling x2  
  36  5:48  Zergling x2  
  38  5:55  Drone  
  39  6:07  Drone x2  
  39  6:08  Drone  
  42  6:16  Spine Crawler  
  41  6:18  Baneling  
  41  6:19  Baneling x2  
  41  6:20  Baneling  
  41  6:21  Zergling x6  
  41  6:23  Overlord  
  44  6:34  Overlord  
  44  6:37  Extractor  
  40  6:41  Baneling x3  
  40  6:42  Spine Crawler  
  40  6:46  Zergling x8  
  43  6:48  Drone  
  43  6:50  Drone  
  45  7:01  Drone  
  46  7:06  Extractor  
  45  7:18  Drone  
  45  7:19  Drone x6  
  45  7:20  Extractor, Drone  
  45  7:21  Drone x2  
  45  7:22  Drone  
  55  7:59  Hydralisk Den, Infestation Pit  
  55  8:01  Drone x2  
  55  8:02  Drone, Evolution Chamber  
  55  8:04  Drone x4, Evolution Chamber  
  58  8:15  Drone  
  58  8:16  Overlord  
  58  8:19  Overlord  
  59  8:22  Hatchery  
  58  8:30  Drone  
  59  8:37  Lurker Den, Hive  
  59  8:39  Zerg Missile Weapons Level 1  
  49  8:50  Hydralisk x3  
  49  8:52  Drone  
  49  8:53  Drone  
  57  9:01  Muscular Augments  
  57  9:03  Drone x3  
  60  9:12  Hydralisk x2  
  60  9:13  Hydralisk  
  66  9:36  Lurker  
  66  9:37  Lurker x2  
  69  9:41  Hydralisk x2  
  72  9:59  Hydralisk x2  
  76  10:01  Drone  
  76  10:02  Drone x2  
  76  10:05  Overlord x4  
  79  10:08  Hatchery  
  78  10:22  Overlord  
  78  10:23  Overlord  
  78  10:24  Overlord  
  78  10:26  Drone  
  78  10:27  Drone  
  80  10:42  Seismic Spines  
  80  10:44  Viper  
  80  10:46  Hydralisk x2  
  80  10:49  Drone x2  
  89  10:58  Zerg Ground Armor Level 1  
  89  11:03  Drone  
  90  11:12  Drone  
  90  11:15  Zerg Missile Weapons Level 2  
  91  11:18  Extractor  
  91  11:19  Extractor  
  91  11:24  Lurker  
  90  11:35  Hydralisk  
  90  11:39  Adaptive Talons, Lurker  
  93  11:41  Drone x4  
  97  11:49  Zergling x2  
  97  11:50  Zergling x8  
  97  11:51  Drone  
  97  11:53  Drone  
  104  11:56  Hatchery  
  104  11:57  Hatchery  
  102  12:08  Hydralisk  
  102  12:09  Hatchery, Viper x2  
  102  12:21  Hydralisk  
  102  12:22  Hydralisk x2  
  70  12:36  Spine Crawler  
  67  12:38  Extractor  
  67  12:40  Lurker  
  67  12:42  Hydralisk x3  
  73  12:50  Drone x2  
  73  12:51  Drone x2, Ultralisk Cavern  
  74  12:53  Zergling x2  
  74  12:54  Zergling x2  
  74  13:04  Drone  
  72  13:07  Spine Crawler  
  58  13:26  Drone x6  
Show
View Real Time Build Order
Export as new Build Order

Tudar Protoss - Winner!

Build Orders: Blink Stalkers 

Get SALT Encoding   

  12  0:00  Probe  
  13  0:12  Probe  
  14  0:17  Pylon  
  14  0:24  Probe  
  15  0:36  Probe (Chrono Boost)  
  15  0:40  Gateway  
  16  0:46  Probe (Chrono Boost), Assimilator  
  17  0:51  Probe (Chrono Boost)  
  18  1:00  Assimilator  
  18  1:03  Probe  
  19  1:16  Probe  
  20  1:25  Pylon  
  20  1:28  Probe  
  20  1:30  Cybernetics Core  
  21  1:40  Probe  
  22  1:51  Nexus  
  22  1:57  Probe  
  23  2:07  Twilight Council  
  23  2:09  Probe  
  23  2:15  Warp Gate (Chrono Boost)  
  24  2:24  Gateway  
  24  2:29  Stalker (Chrono Boost)  
  26  2:34  Probe  
  27  2:39  Pylon  
  27  2:52  Probe  
  27  2:55  Stalker (Chrono Boost)  
  30  2:59  Blink (Chrono Boost)  
  30  3:04  Probe  
  31  3:06  Probe  
  32  3:16  Probe  
  33  3:20  Stalker (Chrono Boost)  
  33  3:26  Probe  
  38  3:27  Stalker (Chrono Boost)  
  38  3:37  Robotics Facility  
  38  3:52  Gateway  
  38  3:55  Gateway  
  38  4:05  Sentry  
  38  4:06  Stalker  
  32  4:29  Immortal (Chrono Boost)  
  32  4:30  Stalker x2  
  34  4:36  Probe x2  
  40  4:40  Assimilator  
  40  4:48  Probe x2  
  40  4:50  Pylon  
  42  4:53  Zealot x2, Pylon  
  46  5:00  Probe x2  
  46  5:02  Immortal (Chrono Boost)  
  52  5:10  Pylon  
  52  5:12  Probe  
  53  5:20  Stalker x2  
  53  5:21  Zealot  
  53  5:32  Zealot  
  55  5:41  Stalker  
  55  5:42  Immortal (Chrono Boost)  
  53  5:48  Probe x2  
  59  5:53  Pylon  
  59  5:57  Stalker x2  
  59  6:00  Probe x2  
  65  6:12  Probe x2  
  67  6:24  Probe x2, Gateway  
  67  6:25  Gateway  
  69  6:27  Gateway  
  69  6:36  Probe x2  
  69  6:39  Robotics Bay  
  71  6:48  Probe  
  72  6:55  Probe, Nexus  
  73  7:03  Probe  
  73  7:04  Templar Archives  
  73  7:07  Probe  
  73  7:08  Assimilator  
  75  7:22  Pylon  
  75  7:23  Colossus (Chrono Boost)  
  75  7:24  Pylon  
  75  7:29  Probe x2  
  83  7:31  Zealot  
  85  7:38  Psionic Storm  
  85  7:39  Assimilator  
  85  7:41  Probe x2  
  85  7:42  Assimilator  
  85  7:44  Zealot x6  
  99  7:53  Forge  
  99  7:54  Forge  
  99  8:01  Probe  
  99  8:02  Probe  
  101  8:13  Probe  
  101  8:14  Probe, Shield Battery  
  101  8:15  Probe  
  101  8:16  Shield Battery  
  101  8:19  Charge (Chrono Boost)  
  104  8:20  Protoss Ground Weapons Level 1 (Chrono Boost)  
  104  8:21  Protoss Ground Armor Level 1 (Chrono Boost)  
  104  8:26  Probe x2  
  106  8:27  Probe  
  107  8:40  Probe x3  
  110  8:42  Nexus  
  110  8:50  Pylon  
  110  8:52  Probe x3  
  113  9:00  Pylon  
  113  9:02  High Templar x2  
  115  9:03  Assimilator  
  115  9:06  Pylon  
  115  9:07  Pylon  
  115  9:08  Probe x2  
  119  9:13  High Templar  
  119  9:14  High Templar x2  
  125  9:17  Archon  
  125  9:19  Probe  
  125  9:20  Probe x2  
  128  9:25  Shield Battery  
  128  9:26  Photon Cannon  
  128  9:31  Probe, Pylon  
  128  9:32  Probe x2, Pylon  
  128  9:34  Stalker  
  128  9:35  Stalker x2  
  137  9:42  Extended Thermal Lance (Chrono Boost)  
  137  9:43  Probe  
  138  9:48  Assimilator  
  138  9:49  Probe x2, Colossus (Chrono Boost)  
  146  9:57  Probe x2  
  148  10:02  High Templar x2  
  148  10:03  Zealot x2  
  156  10:25  Robotics Facility  
  156  10:28  Colossus (Chrono Boost)  
  156  10:32  Zealot x5  
  172  10:37  Gateway  
  172  10:39  Gateway  
  172  10:41  Gateway  
  172  10:43  Gateway  
  172  10:45  Shield Battery  
  172  10:47  Shield Battery  
  172  10:53  Protoss Ground Weapons Level 2 (Chrono Boost), Protoss Ground Armor Level 2 (Chrono Boost)  
  172  11:00  High Templar x2  
  172  11:01  Zealot x2  
  180  11:04  Archon  
  180  11:08  Pylon  
  180  11:09  Pylon  
  180  11:13  Pylon  
  180  11:17  Pylon  
  180  11:25  Colossus (Chrono Boost)  
  180  11:26  Observer (Chrono Boost)  
  180  11:28  Pylon  
  180  11:29  Pylon  
  180  11:32  Pylon  
  187  11:34  Pylon  
  187  11:39  Colossus  
  187  11:42  High Templar x3  
  199  11:48  Archon  
  199  11:53  Nexus  
  199  11:55  Pylon  
  199  11:56  Pylon  
  199  11:59  Pylon  
  199  12:01  Pylon  
  199  12:12  Observer  
  154  12:36  Stalker x2  
  152  12:37  Stalker x4  
  152  12:38  Stalker x4  
  152  12:39  Stalker  
  158  12:53  Colossus x2 (Chrono Boost)  
  154  13:01  Zealot x4  
  154  13:02  Zealot x6  
  154  13:03  Zealot  
  160  13:27  High Templar x5  
  160  13:28  High Templar x2, Zealot x2  
  160  13:29  Zealot x2  
  160  13:32  Archon  
  160  13:33  Archon x2  
  182  13:34  Archon  
Show
View Real Time Build Order
Export as new Build Order

ClaTTer Zerg - Winner!

Build Orders: Hatch First 

Get SALT Encoding   

  12  0:00  Drone  
  13  0:08  Drone  
  14  0:21  Overlord  
  14  0:39  Drone x3  
  17  0:53  Hatchery  
  16  0:57  Drone  
  17  1:05  Extractor  
  17  1:06  Drone  
  17  1:24  Spawning Pool  
  16  1:26  Drone x2  
  18  1:33  Drone  
  19  1:48  Overlord  
  19  2:11  Queen  
  19  2:12  Zergling x6  
  19  2:14  Queen  
  26  2:19  Metabolic Boost  
  26  2:27  Zergling x8  
  30  2:34  Evolution Chamber  
  29  2:39  Zergling x2  
  29  2:40  Zergling x2  
  31  2:57  Zergling x4  
  31  3:02  Zergling x4  
  32  3:12  Zerg Melee Weapons Level 1, Zergling x4  
  33  3:20  Zergling x2  
  33  3:23  Overlord  
  34  3:35  Zergling x2  
  35  3:41  Zergling x6  
  35  3:42  Zergling x2  
  39  3:51  Zergling x4  
  39  3:54  Spine Crawler  
  40  3:59  Zergling x2  
  40  4:00  Zergling x2  
  41  4:04  Zergling x2  
  41  4:05  Zergling x2  
  42  4:10  Zergling x2  
  42  4:15  Zergling x2  
  38  4:25  Zergling x6  
  40  4:34  Overlord  
  40  4:39  Overlord  
  40  4:44  Zergling x2  
  41  4:56  Baneling Nest  
  41  4:59  Zergling x2  
  42  5:00  Zergling x2  
  30  5:26  Zergling x6  
  30  5:27  Zergling x8  
  28  5:37  Zergling x6  
  28  5:38  Zergling x2  
  32  5:50  Zergling x2  
  32  5:51  Zergling x6  
  36  6:00  Zergling x6  
  37  6:14  Zergling x2  
  37  6:15  Zergling x8  
  42  6:27  Zergling x6  
  45  6:51  Drone x2  
  45  6:53  Drone x2  
  49  7:00  Overlord x2  
  49  7:29  Drone x2  
  52  7:30  Drone x4, Extractor  
  54  7:38  Hatchery  
  53  7:55  Drone x4, Extractor  
  53  7:56  Drone x2, Extractor  
  57  8:04  Drone  
  57  8:05  Drone  
  59  8:14  Drone x2  
  59  8:19  Queen  
  63  8:20  Drone  
  63  8:22  Drone  
  64  8:30  Lair  
  64  8:36  Drone x3  
  67  8:52  Drone x3  
  67  8:53  Drone  
  71  8:58  Queen  
  73  9:09  Overlord  
  73  9:10  Overlord x2  
  73  9:33  Spire  
  73  9:38  Drone x6  
  76  9:39  Drone x8  
  76  9:41  Overlord  
  86  9:51  Centrifical Hooks  
  86  9:53  Baneling  
  86  9:54  Baneling x4  
  86  9:55  Baneling  
  85  10:13  Baneling x5  
  85  10:14  Baneling  
  84  10:18  Extractor  
  84  10:19  Extractor  
  82  10:23  Overseer x3  
  82  10:28  Hatchery  
  78  10:39  Spire  
  66  11:06  Drone x2  
  66  11:07  Drone x4  
  72  11:13  Spawning Pool  
  71  11:35  Overlord x3  
  71  11:37  Mutalisk x3  
  71  11:38  Mutalisk x7  
  91  11:48  Drone x2  
  91  11:51  Overlord x2  
  93  11:55  Overlord x2  
  93  12:06  Queen, Spore Crawler  
  93  12:07  Spore Crawler  
  93  12:08  Mutalisk x3  
  93  12:09  Mutalisk  
  93  12:13  Drone  
  93  12:14  Drone x2  
  82  12:32  Mutalisk x4  
  82  12:33  Mutalisk  
  88  12:38  Zergling x10  
  88  12:40  Zergling x2  
  88  12:47  Zergling x2  
  88  12:48  Zergling x8  
  89  12:56  Queen  
  89  12:57  Drone  
  89  12:58  Drone x2  
  94  13:04  Zergling x8  
  98  13:16  Zergling x6  
  101  13:20  Zergling x4  
Tags
 
Add a new tag
Caveats
  • Supply blocks, unpowered buildings, or Contaminate may cause inaccurate times.
  • Supply counts are checked every 10 seconds.